 Dungeon Crawl Stone Soup version 0.24.0-13-gcf9b319 (webtiles) character file.

Game seed: 17059252475095036952, levelgen mode: deterministic

873 Fang the Skirmisher (level 8, -3/51 HPs)
             Began as a Gargoyle Berserker on Nov 14, 2019.
             Was a Priest of Trog.
             Killed from afar by a starcursed mass (11 damage)
             ... with an accursed screaming
             ... on level 1 of the Abyss.
             The game lasted 00:06:15 (4415 turns).

Fang the Skirmisher (Gargoyle Berserker)            Turns: 4415, Time: 00:06:16

Health: -3/51      AC: 15    Str: 24    XL:     8   Next: 4%
Magic:  8/8        EV: 13    Int:  7    God:    Trog [***...]
Gold:   302        SH:  3    Dex:  9    Spells: 7/7 levels left

rFire    + . .     SeeInvis +   a - +0 hand axe
rCold    + . .     Gourm    .   (no shield)
rNeg     + . .     Faith    .   b - +0 animal skin
rPois    ∞         Spirit   .   (no helmet)
rElec    +         Reflect  +   y - scarf {rC+ rF+}
rCorr    .         Harm     .   (no gloves)
MR       ++...                  e - +2 pair of boots
Stlth    +.........             f - +3 amulet of reflection
HPRegen  1.17/turn              p - +4 ring of protection
MPRegen  0.11/turn              E - ring of see invisible

@: berserk cooldown, starving, regenerating, slowed, very slow
A: negative energy resistance 1, electricity resistance, unbreathing,
petrification resistance, rot immunity, AC +5
a: Berserk, Trog's Hand, Renounce Religion


You were on level 1 of the Abyss.
You worshipped Trog.
Trog was most pleased with you.
You were starving.

You visited 2 branches of the dungeon, and saw 6 of its levels.
You visited the Abyss 1 time.

You collected 302 gold pieces.

Inventory:

Hand Weapons
 a - a +0 hand axe (weapon)
Armour
 b - a +0 animal skin (worn)
 e - a +2 pair of boots (worn)
 y - a scarf of resistance (worn)
Jewellery
 f - a +3 amulet of reflection (around neck)
 p - a +4 ring of protection (left hand)
 q - an uncursed ring of resist corrosion
 v - an uncursed ring of stealth
 E - a ring of see invisible (right hand)
Wands
 u - a wand of flame (13)
 A - a wand of random effects (22)
Scrolls
 h - 8 scrolls of identify {unknown}
 i - 2 scrolls of enchant weapon {unknown}
 j - 2 scrolls of enchant armour {unknown}
 l - a scroll of amnesia {unknown}
 n - 4 scrolls of remove curse {unknown}
 r - 2 scrolls of magic mapping {unknown}
 s - a scroll of blinking {unknown}
 t - a scroll of immolation {unknown}
 x - 2 scrolls of fear {unknown}
 B - a scroll of teleportation {unknown}
 C - a scroll of random uselessness {unknown}
Potions
 d - a potion of brilliance {unknown}
 g - a potion of heal wounds {unknown}
 k - a potion of mutation {unknown}
 m - 5 potions of flight {unknown}
 o - 3 potions of agility {unknown}
 w - a potion of invisibility
 z - a potion of haste {unknown}
Comestibles
 c - 11 rations


   Skills:
 + Level 5.7 Fighting
 + Level 4.8 Axes
 + Level 5.2 Armour
 + Level 3.9 Dodging


You had 7 spell levels left.
You didn't know any spells.
Your spell library was empty.

Dungeon Overview and Level Annotations

Branches:
Dungeon (5/15)             Temple (1/1) D:4

Altars:
Ashenzari
Cheibriados
Dithmenos
Wu Jian
Xom
Zin
The Shining One

Annotations:
D:5 Edmund


Innate Abilities, Weirdness & Mutations

You are resistant to torment.
Your stone body is resilient. (AC +5)
You are immune to poison.
You resist negative energy. (rN+)
You are resistant to electric shocks. (rElec)
You can survive without breathing.
You are immune to petrification.
You are immune to rotting.


Message History

You hit the starcursed mass.
You destroy the starcursed mass!
Trog accepts your kill.
The starcursed mass shudders and is absorbed by its neighbour.
You hit the starcursed mass but do no damage.
A starcursed mass splits.
A starcursed mass splits.
You hit the starcursed mass but do no damage.
The starcursed mass is heavily damaged.
You hit the starcursed mass.
The starcursed mass shudders and is absorbed by its neighbour.
A chorus of shrieks assaults your mind.
* * * LOW HITPOINT WARNING * * *
A starcursed mass splits.
Your skin crawls.
You feel resistant to hostile enchantments.
You are starving!
The starcursed mass engulfs you but does no damage.
A chorus of shrieks assaults your mind.
You die...

... # ###.. .
....#. . #. ..#.
.## #... # #..##
.. .#..§###...###
#
..#..#....XX#.#.#.
.. #....#.
#..X@#.#.. # #....
##.......# ##. #
..?..#..###..# ...
##...#.....#
##......#..#.##.#
..#####. #..### #
. .#. ..### #
.#...# . # .# .
.#.


You could see 3 starcursed masses.

Vanquished Creatures
  2 ogres (D:5)
  A scorpion (D:5)
  A howler monkey (D:3)
  A crimson imp (D:5)
  A centaur zombie (D:3)
  A starcursed mass (Abyss:1)
  2 orc wizards
  An iron imp (Abyss:1)
  A bullfrog skeleton (D:4)
  An iguana (D:5)
  3 worker ants
  A hound skeleton (D:4)
  5 adders
  12 gnolls
  A shadow imp (D:5)
  An ooze (D:4)
  2 adder skeletons (D:4)
  2 dart slugs
  2 worms (D:2)
  15 orcs
  3 ball pythons
  10 bats
  10 giant cockroaches
  9 goblins
  5 hobgoblins
  10 jackals
  2 kobolds (D:2)
  4 quokkas
  5 frilled lizards
  9 rats
123 creatures vanquished.

Notes
Turn   | Place    | Note
-------+----------+-------------------------------------------
     0 | D:1      | Fang the Gargoyle Berserker began the quest for the Orb.
     0 | D:1      | Reached XP level 1. HP: 14/14 MP: 1/1
   151 | D:1      | Reached XP level 2. HP: 13/19 MP: 2/2
   987 | D:2      | Reached XP level 3. HP: 10/23 MP: 3/3
  1266 | D:2      | Reached XP level 4. HP: 3/29 MP: 4/4
  1511 | D:2      | Reached ** piety under Trog
  1559 | D:2      | Found a glowing silver altar of Zin.
  1742 | D:2      | Reached XP level 5. HP: 33/33 MP: 5/5
  1812 | D:2      | Found a shimmering altar of Xom.
  1957 | D:3      | Found an ornate altar of the Wu Jian Council.
  1957 | D:3      | Found a shadowy altar of Dithmenos.
  2430 | D:3      | Found a faded altar of an unknown god.
  2443 | D:3      | Found a glowing golden altar of the Shining One.
  2557 | D:3      | Reached XP level 6. HP: 29/39 MP: 6/6
  2559 | D:3      | Found a snail-covered altar of Cheibriados.
  2596 | D:3      | Reached *** piety under Trog
  3248 | D:4      | Reached skill level 5 in Fighting
  3284 | D:4      | Reached XP level 7. HP: 42/44 MP: 7/7
  3297 | D:4      | Found a staircase to the Ecumenical Temple.
  3325 | Temple   | Entered the Ecumenical Temple
  3477 | D:4      | Reached **** piety under Trog
  3615 | D:5      | Entered Level 5 of the Dungeon
  3707 | D:5      | Found a shattered altar of Ashenzari.
  3724 | D:5      | Noticed Edmund
  3886 | D:5      | Reached skill level 5 in Armour
  4286 | D:5      | Cast into level 1 of the Abyss (Edmund)
  4375 | Abyss:1  | Reached XP level 8. HP: 47/51 MP: 8/8
  4388 | Abyss:1  | Noticed a starcursed mass
  4397 | Abyss:1  | Paralysed by accursed screaming for 1 turns
  4412 | Abyss:1  | Killed a starcursed mass
  4415 | Abyss:1  | Killed from afar by a starcursed mass

Levels and vault maps discovered:
D:1:      evilmike_arrival_plus, layout_basic, minmay_crystal_water,
          fountainhead
D:2:      layout_rooms, zin_statuary, old_standard_altar, grunt_ministairs_4,
          minmay_worlds_worst_comb
D:3:      minmay_razor_zed, layout_rooms, lemuel_doored_altar,
          grunt_temple_overflow_open, lemuel_round_altar,
          chequers_ecumenical_altar_simple_redux, first_ration,
          minmay_box_of_dots
D:4:      layout_rooms, minmay_temple_entry_arrows
D:5:      layout_loops_ring, nicolae_overflow_hidden_temple,
          nicolae_ashenzari_panopticon, uniq_edmund
Temple:   nicolae_temple_figure_zero
Abyss:1

Skill      XL: |  1  2  3  4  5  6  7 |
---------------+----------------------+-----
Axes           | 3 4 |  4.8
Dodging        | 2 3 |  3.9
Armour         | 3 4 5 |  5.2
Fighting       | 4 5 |  5.7

Action                   |  1- 3 |  4- 6 |  7- 9 || total
-------------------------+-------+-------+-------++-------
Melee: Hand axe          |    80 |   266 |   158 ||   504
Invok: Berserk           |     1 |     2 |     4 ||     7
       Trog's Hand       |       |       |     1 ||     1
       Brothers in Arms  |       |       |     1 ||     1
 Stab: Sleeping          |     1 |     1 |       ||     2
  Eat: Chunk             |       |    11 |     6 ||    17
Armor: Animal skin       |    39 |   124 |    72 ||   235
Dodge: Dodged            |    48 |   223 |    77 ||   348
Block: Other             |       |       |    14 ||    14
